AoeStats
← perpetualsigh

Four Lakes

509181361Analyzed
1v1 RM · 5d ago on Sep 25, 2026· 36m 15s· 2 players
Game mode
Random Map
Map size
Tiny (2 player)
Population
200
Speed
Normal
Resources
Standard
Victory
Conquest
Starting age
Dark Age
Ending age
Imperial Age
RankedLock teamsTeams togetherTeam positionsShared explorationLock speedFull tech treeHidden civsTurbo modeCheats
Victory
Defeat
🇨🇱 Chinese · Chile
853
+16
🇬🇧 Varangians · United Kingdom
862
-40
Sentry
0:27 Loom
10:48 Feudal Age
11:21 Double-Bit Axe
14:17 Town Watch
20:08 Wheelbarrow
19:18 Town Watch
20:33 Bloodlines
20:22 Fishing Lines
23:20 Castle Age
21:38 Horse Collar
23:31 Crossbowman
24:17 Thumb Ring
25:15 Hand Cart
25:01 Town Patrol
28:45 Squires
28:38 Fletching
29:09 Pikeman
32:36 Forging
32:22 Bodkin Arrow
32:53 Bow Saw
32:45 Heavy Plow
32:39 Gold Mining
35:17 Iron Casting
34:44 Scale Mail Armor
36:57 Chain Mail Armor
36:43 Padded Archer Armor
perpetualsigh
5:31 Loom
9:38 Feudal Age
10:09 Double-Bit Axe
24:18 Castle Age
22:26 Horse Collar
24:24 Scale Barding Armor
24:29 Forging
27:30 Iron Casting
33:14 Chain Barding Armor
37:02 Wheelbarrow
Connection lost

Rejoining the realm…

Still unreachable

The connection could not be restored.

Session expired

The server has moved on; the page needs a fresh start.